[Event "Late-Titled-Tuesday-Blitz-January-23-2024"]
[Site "Chess.com"]
[Date "2024.01.23"]
[Round "2"]
[White "ferdipy"]
[Black "guillembaches"]
[Result "0-1"]
[WhiteElo "2299"]
[BlackElo "2528"]
[TimeControl "180+1"]
[EndTime "14:16:23 PST"]
[Termination "guillembaches won on time"]

1. e4 d5 2. exd5 Qxd5 3. d4 Nc6 4. Nf3 e5 5. Be2 exd4 6. O-O Nf6 7. Na3 Bxa3 8.
bxa3 O-O 9. h3 Ne4 10. Bb2 Rd8 11.
Bd3 Nc5 12. Be2 Bf5 13. Nd2 Na4 14. Qc1 Qc5 15. Nb3 Qxc2 16. Qxc2 Bxc2 17. Bc1 d3 18. Bf3 Nc3 19. Bd2 Ne2+ 20. Kh2 Re8 21. Rfe1 Rad8 22. Be3 Nc3 23. Nd2 Nd5 24. Bc5 Nf6 0-1

[Event "Late-Titled-Tuesday-Blitz-January-23-2024"]
[Site "Chess.com"]
[Date "2024.01.23"]
[Round "2"]
[White "colegiodemadrid"]
[Black "svilson23"]
[Result "1-0"]
[WhiteElo "2505"]
[BlackElo "2244"]
[TimeControl "180+1"]
[EndTime "14:16:26 PST"]
[Termination "colegiodemadrid won by resignation"]

1. Nf3 d5 2. c4 d4 3. b4 g6 4. Bb2 Bg7 5. e3 e5 6. exd4 exd4 7. Bd3 Ne7 8. O-O O-O 9. h3 c5 10.
b5 a6 11. a4 axb5 12. cxb5 b6 13. Na3 Bb7 14. Nc4 Nd7 15. Nd6 Bd5 16. Bc4 Ne5 17.
Nxe5 Qxd6 18. Bxd5 Nxd5 19. Nc4 Qf4 20. d3 Rfe8 21. Re1 Rxe1+ 22. Qxe1 Nb4 23. Qe2 Rb8 24. a5 bxa5 25. b6 h5 26. Rxa5 Qf5 27. b7 Kh7 28. Ra8 Rxb7 29. Nd6 Qd5 30. Nxb7 Qxb7 31.
Ra3 c4 32. dxc4 d3 33. Qd2 Bh6 34. Qc3 1-0

[Event "Late-Titled-Tuesday-Blitz-January-23-2024"]
[Site "Chess.com"]
[Date "2024.01.23"]
[Round "2"]
[White "ilushka"]
[Black "dsanchez1973"]
[Result "0-1"]
[WhiteElo "2452"]
[BlackElo "2176"]
[TimeControl "180+1"]
[EndTime "14:16:26 PST"]
[Termination "dsanchez1973 won on time"]

1. e4 e6 2. d4 d5 3. Nc3 Bb4 4. e5 c5 5. a3 Bxc3+ 6. bxc3 Ne7 7. Qg4 Qc7 8. Qxg7 Rg8 9. Qxh7 cxd4 10. Ne2 Nbc6 11. h4 Qxe5 12. Bf4 Qg7 13. Qxg7 Rxg7 14.
cxd4 Bd7 15. c3 O-O-O 16. g3 Rh8 17. Bg2 f6 18. Kd2 Na5 19. h5 Nc4+ 20. Kc2 Ba4+ 21.
Kb1 e5 22. Bc1 Kd7 23. Bf3 Kd6 24. Bg2 Be8 25. h6 Rgh7 26. dxe5+ fxe5 27. f4 Nf5 28. fxe5+ Nxe5 29. Bf4 Nxh6 0-1

[Event "Late-Titled-Tuesday-Blitz-January-23-2024"]
[Site "Chess.com"]
[Date "2024.01.23"]
[Round "2"]
[White "arenal72"]
[Black "vladislavkovalev"]
[Result "0-1"]
[WhiteElo "2567"]
[BlackElo "2873"]
[TimeControl "180+1"]
[EndTime "14:16:28 PST"]
[Termination "vladislavkovalev won by resignation"]

1. e4 e5 2. Nf3 Nc6 3. Nc3 Nf6 4. h3 Bb4 5. Nd5 O-O 6. Nxb4 Nxb4 7. c3 Nc6 8. d3 d5 9. Qc2 a5 10. a4 b6 11. Be2 h6 12. O-O Bb7 13. Bd2 Qd6 14.
Rad1 Rad8 15. Rfe1 Rfe8 16. Bf1 Ne7 17. exd5 Nexd5 18. Bc1 Nf4 19. Nh2 N6h5 20. g3 Qc6 21. Re4 f5 22. gxf4 fxe4 23. Bg2 Qg6 24. f5 Qxg2+ 0-1

[Event "Late-Titled-Tuesday-Blitz-January-23-2024"]
[Site "Chess.com"]
[Date "2024.01.23"]
[Round "2"]
[White "ansko1999"]
[Black "FredddieCroderg"]
[Result "0-1"]
[WhiteElo "2711"]
[BlackElo "2362"]
[TimeControl "180+1"]
[EndTime "14:16:28 PST"]
[Termination "FredddieCroderg won by checkmate"]

1. d4 d5 2. c4 e6 3. Nc3 Nf6 4. cxd5 exd5 5. Bg5 Be7 6. Qc2 O-O 7. e3 Re8 8. Bd3 h6 9. Bxf6 Bxf6 10. Nge2 c5 11.
dxc5 Nc6 12. O-O Nb4 13. Qd1 Nxd3 14. Qxd3 Be6 15. Nd4 Rc8 16. b4 b6 17. c6 Bxd4 18.
Qxd4 Rxc6 19. Rfd1 Rc4 20. Qd2 Qf6 21. Nb5 Qg6 22. Kh1 Rh4 23. Nd4 Qh5 24. Nf3 Rh3 25. Kg1 Rxf3 26. gxf3 Bh3 27. Qxd5 Qg6+ 28. Kh1 Qg2# 0-1

[Event "Late-Titled-Tuesday-Blitz-January-23-2024"]
[Site "Chess.com"]
[Date "2024.01.23"]
[Round "2"]
[White "mightysmasher"]
[Black "Durarbayli"]
[Result "1/2-1/2"]
[WhiteElo "2580"]
[BlackElo "2871"]
[TimeControl "180+1"]
[EndTime "14:16:31 PST"]
[Termination "Game drawn by repetition"]

1. e4 e6 2. d4 d5 3. exd5 exd5 4. Nf3 Nc6 5. Bd3 Nb4 6. Be2 Bf5 7. Na3 Nc6 8. O-O Bxa3 9. bxa3 Nge7 10. Bg5 O-O 11. Re1 Qd6 12. Qc1 Ng6 13. h4 Bg4 14. c4 dxc4 15.
Qxc4 h6 16. Be3 Bxf3 17. Bxf3 Nxh4 18. Bxc6 bxc6 19. d5 Qf6 20. Qxc6 Qf5 21. Rac1 Qg4 22. d6 cxd6 23. Rc4 Nf3+ 24. Kf1 Nh2+ 25. Kg1 Nf3+ 26. Kf1 Nh2+ 27. Kg1 Nf3+ 1/2-1/2

[Event "Late-Titled-Tuesday-Blitz-January-23-2024"]
[Site "Chess.com"]
[Date "2024.01.23"]
[Round "2"]
[White "Alex_Sahakyan2006"]
[Black "Maect19"]
[Result "1-0"]
[WhiteElo "2720"]
[BlackElo "2322"]
[TimeControl "180+1"]
[EndTime "14:16:31 PST"]
[Termination "Alex_Sahakyan2006 won by resignation"]

1. e4 e6 2. d4 d5 3. exd5 exd5 4. Nf3 Bd6 5. Nc3 c6 6. Bd3 Ne7 7. O-O O-O 8. Ne2 Bf5 9. Ng3 Bxd3 10. Qxd3 Nd7 11. Nf5 Nxf5 12. Qxf5 Nf6 13. Bg5 Qd7 14. Nh4 Qxf5 15. Nxf5 Ne4 16. Nxd6 Nxg5 17. Nxb7 Rab8 18. Na5 Rxb2 19. Nxc6 Rxc2 20. Ne7+ Kh8 21. Nxd5 Rd8 22. Ne3 Rd2 23. d5 Ne4 24. Rfd1 Rb2 25. Rd4 Nc3 26.
Rc4 Nxa2 27. Ra4 Nc3 28. Rxa7 g6 29. Rxf7 Kg8 30. Rc7 Ne4 31. Ng4 Rxd5 32. Ra8+ 1-0

[Event "Late-Titled-Tuesday-Blitz-January-23-2024"]
[Site "Chess.com"]
[Date "2024.01.23"]
[Round "2"]
[White "TigrVShlyape"]
[Black "iulik86"]
[Result "1-0"]
[WhiteElo "2949"]
[BlackElo "2594"]
[TimeControl "180+1"]
[EndTime "14:16:34 PST"]
[Termination "TigrVShlyape won by resignation"]

1. d4 d5 2. Bf4 Nf6 3. e3 e6 4. Nf3 c5 5. c3 Nc6 6. Nbd2 Nh5 7. Bg5 Qb6 8. dxc5 Bxc5 9. b4 Be7 10. b5 Na5 11.
Bxe7 Kxe7 12. Qa4 Qc7 13. Qb4+ Ke8 14. c4 dxc4 15. Bxc4 Nf6 16. O-O b6 17. Rac1 Qe7 18.
Qb2 Bb7 19. Be2 Rd8 20. Rc2 h6 21. Rfc1 Nd5 22. Qxg7 Qf6 23. Qg3 Kf8 24. a3 Rg8 25. Qh3 Ne7 26. g3 Nf5 27. Rc7 Qb2 28. e4 Rxd2 29.
Nxd2 Qxd2 30. exf5 Qxe2 31. Qxh6+ Ke8 32. Qf6 exf5 33.
Qxf7+ 1-0

[Event "Late-Titled-Tuesday-Blitz-January-23-2024"]
[Site "Chess.com"]
[Date "2024.01.23"]
[Round "2"]
[White "KorolDimitriy75"]
[Black "annasargsyan_m"]
[Result "0-1"]
[WhiteElo "2354"]
[BlackElo "2543"]
[TimeControl "180+1"]
[EndTime "14:16:35 PST"]
[Termination "annasargsyan_m won on time"]

1. d4 d5 2. c4 c6 3. Nc3 Nf6 4. e3 Bf5 5. Nf3 e6 6. Bd3 Bg6 7. O-O Nbd7 8. Qe2 Bd6 9. e4 dxe4 10. Nxe4 Nxe4 11. Bxe4 O-O 12. Bg5 Qc7 13. Rad1 Bf4 14.
Bh4 c5 15. b3 cxd4 16. Bxg6 hxg6 17. Rxd4 Nc5 18. Bg3 Bxg3 19. hxg3 a5 20. Rfd1 a4 21. b4 Na6 22. a3 Rac8 23. c5 Nb8 24. Ne5 b6 25. cxb6 Qxb6 26. Rd6 Qc7 27. Qb5 Qc3 28.
R6d3 Qb2 29. R1d2 Rc1+ 30. Kh2 Qa1 31. g4 Rh1+ 32. Kg3 Qg1 33. Rd8 Rh2 34. Rxf8+ Kh7 0-1

[Event "Late-Titled-Tuesday-Blitz-January-23-2024"]
[Site "Chess.com"]
[Date "2024.01.23"]
[Round "2"]
[White "Noki102"]
[Black "UnTucopalaTimba"]
[Result "1-0"]
[WhiteElo "2442"]
[BlackElo "1943"]
[TimeControl "180+1"]
[EndTime "14:16:35 PST"]
[Termination "Noki102 won by checkmate"]

1. Nf3 d5 2. g3 Nf6 3. Bg2 e6 4. O-O Be7 5. b3 O-O 6. Bb2 c5 7. d4 Nbd7 8. c4 dxc4 9. bxc4 Qb6 10. Qb3 Rd8 11. Nbd2 cxd4 12. Bxd4 Bc5 13. e3 Qc7 14.
a4 b6 15. a5 Rb8 16. a6 e5 17. Bb2 Re8 18. Ng5 h6 19. Nge4 Nxe4 20. Nxe4 Be7 21. Rfd1 Nc5 22. Nxc5 Bxc5 23. Qb5 Bg4 24. Rd5 e4 25. h3 Bc8 26. Qxe8+ Kh7 27. Bxe4+ g6 28. Qh8# 1-0

[Event "Late-Titled-Tuesday-Blitz-January-23-2024"]
[Site "Chess.com"]
[Date "2024.01.23"]
[Round "2"]
[White "GiorgianBarbosa"]
[Black "Vicmary2005"]
[Result "0-1"]
[WhiteElo "2427"]
[BlackElo "1992"]
[TimeControl "180+1"]
[EndTime "14:16:38 PST"]
[Termination "Vicmary2005 won by checkmate"]

1. e4 c5 2. Nc3 Nc6 3. g3 g6 4. Bg2 Bg7 5. d3 e6 6. Be3 d6 7. Nge2 Nge7 8. d4 cxd4 9. Nxd4 O-O 10. Nxc6 bxc6 11. Qd2 d5 12. Rd1 Ba6 13. h4 h5 14. Bd4 e5 15. Bc5 d4 16. Ne2 Re8 17. O-O Nc8 18. Rfe1 Nd6 19. b3 Bxe2 20. Rxe2 Nb5 21. Ree1 Nc3 22. Ra1 Qa5 23. b4 Qc7 24.
a4 a5 25. Bf1 axb4 26. Bxb4 Nxa4 27. Bc4 Nb6 28. Ba5 Nxc4 29. Qd3 Nxa5 30. Ra4 Nb7 31. Rc4 Nd6 32. Rb4 c5 33. Rbb1 Reb8 34. Rbc1 c4 35.
Qe2 Qa5 36. Kg2 Qc3 37. Red1 Rb2 38. Qf1 Rxc2 39. Rb1 Raa2 40. Rb8+ Kh7 41. Rd8 Rxf2+ 42. Qxf2 Rxf2+ 43. Kxf2 Qe3+ 44. Kf1 Nxe4 45. Kg2 Qxg3+ 46. Kh1 Nf2# 0-1

[Event "Late-Titled-Tuesday-Blitz-January-23-2024"]
[Site "Chess.com"]
[Date "2024.01.23"]
[Round "2"]
[White "GMKrikor"]
[Black "luizzy"]
[Result "1-0"]
[WhiteElo "2792"]
[BlackElo "2543"]
[TimeControl "180+1"]
[EndTime "14:16:42 PST"]
[Termination "GMKrikor won by resignation"]

1. Nf3 Nf6 2. c4 g6 3. Nc3 d6 4. e4 c5 5. d4 cxd4 6. Nxd4 Bg7 7. Be2 O-O 8. Be3 Nc6 9. Nc2 a6 10. O-O Qa5 11. Rb1 Bd7 12. h3 Rfc8 13. f4 Be6 14. b4 Qc7 15. Nd5 Bxd5 16. exd5 Nb8 17. Nd4 b5 18.
Rc1 bxc4 19. Bxc4 Qb7 20. Qb3 Nbd7 21. Nc6 Kf8 22. Rfe1 Re8 23. Na5 Qb8 24. Be2 Nb6 25. Bf3 Qa7 26. Rc6 Rab8 27. Rec1 Rec8 28. Rxc8+ Rxc8 29.
Rxc8+ 1-0

[Event "Late-Titled-Tuesday-Blitz-January-23-2024"]
[Site "Chess.com"]
[Date "2024.01.23"]
[Round "2"]
[White "jamengrand"]
[Black "OneTrickPony_82"]
[Result "1-0"]
[WhiteElo "2261"]
[BlackElo "2485"]
[TimeControl "180+1"]
[EndTime "14:16:43 PST"]
[Termination "jamengrand won by resignation"]

1. e4 e5 2. Nf3 Nc6 3. Bb5 a6 4.
Ba4 Nf6 5. O-O Be7 6. Re1 b5 7. Bb3 O-O 8. h3 Bb7 9. a3 d6 10. Nc3 Na5 11. Ba2 c5 12. d3 h6 13. b4 cxb4 14. axb4 Nc6 15. Nd5 Nxd5 16. Bxd5 Qd7 17. c3 Nd8 18. Ba2 Bf6 19. Nh2 d5 20. Ng4 dxe4 21.
Nxf6+ gxf6 22. Bxh6 exd3 23. Re3 Qf5 24. Rg3+ Kh7 25.
Bxf8 Ne6 26. Bxe6 fxe6 27. Rg7+ Kh8 28. Rxb7 Rxf8 29. Qg4 Qxg4 30. hxg4 Rc8 31. Rxa6 Rd8 32. Ra1 d2 33. Rd1 Kg8 34. Rxb5 Kf7 35. Kf1 Kg6 36. Ke2 Kg5 37. Rxd2 1-0

[Event "Late-Titled-Tuesday-Blitz-January-23-2024"]
[Site "Chess.com"]
[Date "2024.01.23"]
[Round "2"]
[White "Sjakkerntobi"]
[Black "hsd2016"]
[Result "0-1"]
[WhiteElo "2498"]
[BlackElo "2293"]
[TimeControl "180+1"]
[EndTime "14:16:44 PST"]
[Termination "hsd2016 won by resignation"]

1. e4 c5 2. Nf3 e6 3. d4 cxd4 4. Nxd4 a6 5. c4 Nf6 6. Nc3 Bb4 7. Qd3 d5 8. e5 Ne4 9. a3 Bxc3+ 10. bxc3 Qc7 11.
Qf3 Qxe5 12. Be2 Nc6 13. Bf4 Qf6 14. cxd5 exd5 15. O-O O-O 16. Rfd1 Bd7 17. Nxc6 bxc6 18. Rac1 Rfe8 19. Bf1 Qg6 20. c4 Bg4 21. Qb3 Bxd1 22. Rxd1 Qf5 23. Be3 Rad8 24. Bb6 Rb8 25. cxd5 cxd5 26.
Qa4 Nc3 27. Bd3 Nxd1 28. Qxd1 Qxd3 29. Qxd3 Re1+ 30. Qf1 0-1

[Event "Late-Titled-Tuesday-Blitz-January-23-2024"]
[Site "Chess.com"]
[Date "2024.01.23"]
[Round "2"]
[White "falzehope0"]
[Black "ninguno46"]
[Result "1-0"]
[WhiteElo "2406"]
[BlackElo "2589"]
[TimeControl "180+1"]
[EndTime "14:16:45 PST"]
[Termination "falzehope0 won by resignation"]

1. d4 Nf6 2. e3 e6 3. Bd3 c5 4. c3 b6 5. f4 Ba6 6. Nf3 Bxd3 7. Qxd3 cxd4 8. exd4 Nc6 9. O-O Be7 10. f5 O-O 11. Nbd2 Rb8 12. Ne4 Nxe4 13. Qxe4 d5 14. Qg4 exf5 15.
Qxf5 Bf6 16. Ng5 Bxg5 17. Bxg5 Qd6 18. Bf4 Qd8 19. Bxb8 Nxb8 20. Rae1 Nd7 21. Qg4 Nf6 22. Qf5 b5 23. a3 a5 24. Re5 b4 25. axb4 axb4 26.
h3 bxc3 27. bxc3 Qc7 28. Rf3 Rb8 29. Qf4 h6 30. Qg3 Rb1+ 31. Kh2 Qd8 32. Qf4 Qa8 33.
Qe3 Ne4 34. Re7 Qa1 35. Rxe4 dxe4 36. Qxe4 Rh1+ 37. Kg3 Qa7 38. Qe8+ Kh7 39. Qxf7 Qb8+ 40. Qf4 Qb6 41. Qf5+ Qg6+ 42. Qxg6+ Kxg6 43. Rd3 Kf5 44. d5 Ke4 45. Rd4+ Ke5 46. d6 Rc1 47. Rd3 Ke4 48. d7 1-0

[Event "Late-Titled-Tuesday-Blitz-January-23-2024"]
[Site "Chess.com"]
[Date "2024.01.23"]
[Round "2"]
[White "MajorCoast"]
[Black "DenLaz"]
[Result "0-1"]
[WhiteElo "2231"]
[BlackElo "3085"]
[TimeControl "180+1"]
[EndTime "14:16:46 PST"]
[Termination "DenLaz won on time"]

1. d4 Nf6 2. Nf3 b6 3. Bg5 Bb7 4. Bxf6 exf6 5. h4 h5 6. e3 g6 7. Bd3 Bg7 8. c4 c5 9. d5 d6 10. Nc3 Nd7 11. Qc2 f5 12. Ng5 a6 13. a4 Ne5 14. Be2 Bc8 15. f4 Nd7 16. e4 fxe4 17.
Ncxe4 Nf6 18. Bd3 O-O 19. O-O-O b5 20. cxb5 c4 21. Bxc4 axb5 22. Bxb5 Bf5 23. Nxf6+ Qxf6 24. Qc3 Rfc8 25. Bc6 Qe7 26. Qa3 Rab8 27. Rhe1 Qa7 28. Rd2 Qa5 29. Qxd6 Bxb2+ 30. Kd1 Bg4+ 31. Nf3 Bc3 32. Re7 Bxd2 33. Rxf7 Kxf7 0-1

[Event "Late-Titled-Tuesday-Blitz-January-23-2024"]
[Site "Chess.com"]
[Date "2024.01.23"]
[Round "2"]
[White "Alex_Banzea"]
[Black "DonJuan_34"]
[Result "1-0"]
[WhiteElo "2626"]
[BlackElo "2397"]
[TimeControl "180+1"]
[EndTime "14:16:46 PST"]
[Termination "Alex_Banzea won by resignation"]

1. d4 Nf6 2. Nc3 g6 3. e4 d6 4. h3 Bg7 5. g4 O-O 6. Nge2 e5 7. d5 c6 8. Ng3 a6 9. a4 cxd5 10. exd5 Re8 11. g5 Nfd7 12. Nge4 Nf8 13. h4 a5 14. h5 Na6 15. Be3 b6 16. Bb5 Re7 17. Qf3 Nc5 18. Nf6+ Bxf6 19. gxf6 e4 20. fxe7 Qxe7 21. Qf4 f6 22. hxg6 Nxg6 23. Qh6 f5 24. O-O-O Ra7 25. Bd4 Bd7 26. Rdg1 Be8 27. Bxe8 Qxe8 28.
Nb5 Rf7 29. Nxd6 Qxa4 30. Rxg6+ 1-0

[Event "Late-Titled-Tuesday-Blitz-January-23-2024"]
[Site "Chess.com"]
[Date "2024.01.23"]
[Round "2"]
[White "PapaieDudu"]
[Black "Ellaijio_B"]
[Result "0-1"]
[WhiteElo "2423"]
[BlackElo "2747"]
[TimeControl "180+1"]
[EndTime "14:16:47 PST"]
[Termination "Ellaijio_B won by resignation"]

1. e4 c5 2. Nf3 e6 3. d4 cxd4 4. Nxd4 a6 5. Nc3 b5 6. Be3 Bb7 7. Qd2 Qc7 8. a3 Nf6 9. f3 d6 10. Bd3 Nbd7 11. O-O Be7 12. Rae1 O-O 13. Qf2 Rac8 14.
g4 Ne5 15. Qg3 Nc4 16. Bc1 Nxa3 17. h4 Nc4 18. h5 Qb6 19. Qf2 Nd7 20. Kh2 Bf6 21.
Nde2 Qxf2+ 22. Rxf2 Bh4 23. Ng3 Nde5 24. Be2 b4 25.
Na4 Bc6 26. b3 Na3 27. c3 Bxa4 28. bxa4 Rxc3 29. Kh3 Bxg3 30. Kxg3 Nd3 31. Bxd3 Rxd3 32. g5 Nc4 33. Rc2 d5 34. exd5 exd5 35. Re7 b3 36. Rce2 Rc3 37. Bb2 Rc2 38. Re8 Rxb2 39. g6 hxg6 40.
h6 gxh6 0-1

[Event "Late-Titled-Tuesday-Blitz-January-23-2024"]
[Site "Chess.com"]
[Date "2024.01.23"]
[Round "2"]
[White "JackRodgers"]
[Black "Igor_Lysyj"]
[Result "0-1"]
[WhiteElo "2574"]
[BlackElo "2884"]
[TimeControl "180+1"]
[EndTime "14:16:48 PST"]
[Termination "Igor_Lysyj won by resignation"]

1. d4 d5 2. Bg5 c5 3. dxc5 h6 4. Bh4 g5 5. Bg3 Bg7 6. c3 Na6 7. e4 Nxc5 8. exd5 Nf6 9. Bb5+ Bd7 10. Bxd7+ Qxd7 11. Nf3 Qxd5 12. O-O O-O 13. Qxd5 Nxd5 14. Rd1 Rfd8 15. Na3 Na4 16. Rab1 a6 17. Be5 f6 18. Bd4 e5 19. Be3 f5 20. c4 Nb4 21. b3 Nc3 22.
Rxd8+ Rxd8 23. Re1 e4 24. Nxg5 hxg5 25. Bxg5 Rd3 26. h3 Nbxa2 27. c5 Bf8 28. Be3 Nd5 29. Nc4 Nac3 30. Nd6 Nxe3 31. fxe3 Bxd6 32. cxd6 0-1

[Event "Late-Titled-Tuesday-Blitz-January-23-2024"]
[Site "Chess.com"]
[Date "2024.01.23"]
[Round "2"]
[White "Iuckyducky"]
[Black "RantomOpening"]
[Result "0-1"]
[WhiteElo "2333"]
[BlackElo "2538"]
[TimeControl "180+1"]
[EndTime "14:16:48 PST"]
[Termination "RantomOpening won by checkmate"]

1. e4 c5 2. c3 Nf6 3. e5 Nd5 4. d4 cxd4 5. Nf3 d6 6. cxd4 Nc6 7. Bc4 dxe5 8. dxe5 Be6 9. O-O g6 10. Re1 Bg7 11. Ng5 Nc7 12. Nxe6 Nxe6 13. Bxe6 fxe6 14. Qg4 Qd7 15. Bf4 O-O 16. Nc3 Qd4 17. Ne2 Qd7 18. Qg3 Rad8 19. h4 Nd4 20. Rac1 Nf5 21. Qg4 Kf7 22. h5 Qa4 23. hxg6+ hxg6 24. b3 Qb4 25. a3 Qxb3 26. Bh2 Rh8 27. Nf4 Rh6 28. Re3 Qb2 29. Rce1 Rdh8 30. Rh3 Qd2 31. Rxh6 Qxe1# 0-1

[Event "Late-Titled-Tuesday-Blitz-January-23-2024"]
[Site "Chess.com"]
[Date "2024.01.23"]
[Round "2"]
[White "PabloZarnicki"]
[Black "GMBenjaminBok"]
[Result "0-1"]
[WhiteElo "2579"]
[BlackElo "2897"]
[TimeControl "180+1"]
[EndTime "14:16:50 PST"]
[Termination "GMBenjaminBok won by checkmate"]

1. e4 c5 2. Nf3 d6 3. Bb5+ Nd7 4. d4 cxd4 5. Qxd4 a6 6. Bxd7+ Bxd7 7. Nc3 Rc8 8. Bg5 h6 9. Bh4 e5 10. Qd3 g5 11. Bg3 Nf6 12. a4 Be7 13. Nd2 Qc7 14. Nf1 Qc4 15. Qxc4 Rxc4 16. Ne3 Rb4 17. b3 Nxe4 18. Ncd5 Rd4 19. c3 Rd3 20. Ke2 Rd2+ 21.
Ke1 Be6 22. Nxe7 Kxe7 23. f3 Nxg3 24. hxg3 Rd3 25. Ke2 Rxc3 26. b4 d5 27. Rac1 Rxc1 28. Rxc1 d4 29. Nd1 Rc8 30. Rxc8 Bxc8 31. Nf2 f5 32. g4 fxg4 33. fxg4 Bd7 34. a5 Bc6 35. g3 e4 36. Nd1 Kd6 37. Nb2 Kd5 38. Kd2 Bb5 39.
Kd1 e3 40. Ke1 d3 41. Nd1 d2# 0-1

[Event "Late-Titled-Tuesday-Blitz-January-23-2024"]
[Site "Chess.com"]
[Date "2024.01.23"]
[Round "2"]
[White "NitaLucian"]
[Black "ValeriyGrinev"]
[Result "0-1"]
[WhiteElo "2306"]
[BlackElo "2534"]
[TimeControl "180+1"]
[EndTime "14:16:50 PST"]
[Termination "ValeriyGrinev won by resignation"]

1. e4 c5 2. Nf3 e6 3. c3 Nf6 4. e5 Nd5 5. d4 cxd4 6. cxd4 d6 7.
exd6 Qxd6 8. Nc3 Nc6 9. Bc4 Nxc3 10. bxc3 Be7 11. O-O O-O 12. a4 b6 13. Ba3 Qc7 14.
Bxe7 Nxe7 15. Qd3 Ng6 16. Bb3 Bb7 17. Rac1 Rfd8 18. Qe3 Rac8 19. Rfe1 Qf4 20. Red1 Bxf3 21. Qxf3 Qxf3 22. gxf3 Nf4 23. Kf1 g5 24. c4 Kf8 25. c5 Ke7 26. cxb6 axb6 27. Rxc8 Rxc8 28. d5 Rc3 29. d6+ Kd7 30. Ba2 Rc6 31. Rb1 Rxd6 32.
Bc4 Ke7 33. Ke1 Rd4 34. Ba6 Rxa4 35. Rxb6 Ra1+ 36. Kd2 Ra2+ 37. Ke1 Kf6 38. Bc4 Ra1+ 39. Kd2 Rh1 40. Ke3 Rxh2 41. Rb8 Rh1 42. Rh8 Kg7 43.
Rd8 Rc1 44. Rc8 h5 45. Kd2 Rb1 46. Rc7 h4 47. Bd3 Rb2+ 48. Kc3 Nd5+ 49. Kxb2 Nxc7 50. Bf1 Nd5 51. Kc2 Nf4 52. Kd2 h3 0-1

[Event "Late-Titled-Tuesday-Blitz-January-23-2024"]
[Site "Chess.com"]
[Date "2024.01.23"]
[Round "2"]
[White "C_K_G"]
[Black "GMFYHR1"]
[Result "0-1"]
[WhiteElo "2132"]
[BlackElo "2466"]
[TimeControl "180+1"]
[EndTime "14:16:52 PST"]
[Termination "GMFYHR1 won on time"]

1. e4 e6 2. Nf3 d5 3. Nc3 dxe4 4. Nxe4 Bd7 5. d4 Bc6 6. Bd3 Be7 7. O-O Nd7 8. Re1 Ngf6 9. Ng3 O-O 10. c4 b6 11.
Qe2 Bb7 12. Bd2 Re8 13. Bc3 c5 14. Rad1 cxd4 15. Bxd4 Qc7 16. Ne5 Rad8 17. a3 Bc5 18.
Bc3 Nxe5 19. Bxe5 Qc6 20. Ne4 Nxe4 21. Bxe4 Qxe4 22. Qxe4 Bxe4 23. Rxd8 Rxd8 24. b4 Be7 25. f3 Bb7 26. c5 bxc5 27. b5 Bf6 28. Bc7 Rc8 29.
Bf4 c4 30. a4 c3 31. a5 c2 32. a6 Bd5 33. Kf2 Bb2 0-1

[Event "Late-Titled-Tuesday-Blitz-January-23-2024"]
[Site "Chess.com"]
[Date "2024.01.23"]
[Round "2"]
[White "Fernando_Offermann"]
[Black "ChessFighter1975"]
[Result "1/2-1/2"]
[WhiteElo "2215"]
[BlackElo "2443"]
[TimeControl "180+1"]
[EndTime "14:16:52 PST"]
[Termination "Game drawn by agreement"]

1. d4 d6 2. e4 Nf6 3. f3 Nbd7 4. c4 e5 5. d5 a5 6. Nc3 Nc5 7. Be3 Be7 8. Nge2 O-O 9. Qd2 b6 10. Ng3 Ne8 11. Be2 g6 12. O-O Ng7 13. f4 exf4 14.
Bxf4 f5 15. Bh6 Nxe4 16. Ngxe4 fxe4 17. Nxe4 Bf5 18. Ng5 Qd7 19. h3 Rae8 20. g4 Bxg5 21. Bxg5 Be4 22. Bf6 Rf7 23. Bc3 Ref8 24. Rxf7 Rxf7 25.
Qd4 Qe7 26. Rf1 Rxf1+ 27. Bxf1 h5 28. Be2 hxg4 29. hxg4 Bb1 30. a3 Qf7 31. Kg2 Qe7 32.
b4 Qxe2+ 33. Kg3 Qe7 34. c5 axb4 35. axb4 bxc5 36. bxc5 Qe5+ 37. Qxe5 dxe5 38. Bxe5 Ne8 39. d6 cxd6 40. cxd6 Kf7 41. d7 Ke7 42. dxe8=Q+ Kxe8 43. Bf6 Kf7 44. g5 Bf5 45. Kf2 Ke6 1/2-1/2

[Event "Late-Titled-Tuesday-Blitz-January-23-2024"]
[Site "Chess.com"]
[Date "2024.01.23"]
[Round "2"]
[White "Rikikits"]
[Black "ahkashefi2800"]
[Result "1-0"]
[WhiteElo "2828"]
[BlackElo "2550"]
[TimeControl "180+1"]
[EndTime "14:16:57 PST"]
[Termination "Rikikits won by resignation"]

1. d4 d5 2. c4 c6 3. Nc3 Nf6 4. Nf3 a6 5. c5 g6 6. Bg5 Bg7 7. e3 O-O 8. Bd3 Bg4 9. Qb3 Ra7 10. Ne5 Nbd7 11. Bxf6 Nxf6 12. O-O Be6 13. f4 Nd7 14. Na4 Qc7 15. Nb6 Nb8 16. a4 a5 17. Rf3 f6 18.
Nxg6 hxg6 19. Bxg6 f5 20. Raf1 Nd7 21. Rh3 Rf6 22. Bh7+ Kf8 23. Rff3 Ra6 24. Nxd7+ Qxd7 25. Rfg3 Ra8 26. Qd1 Bf7 27. Rg5 Bh6 28. Rxf5 Rxf5 29. Bxf5 Qxf5 30. Rxh6 Bg6 31. Rh8+ Kg7 32. Rxa8 Bh5 33.
Qe1 Bg6 34. h3 Qc2 35. Kh2 Qxb2 36. Qh4 Kf7 37. Qh6 Qc2 38. Rf8+ Ke6 39. f5+ Kd7 40.
Qxg6 Qxf5 41. Qxf5+ 1-0

[Event "Late-Titled-Tuesday-Blitz-January-23-2024"]
[Site "Chess.com"]
[Date "2024.01.23"]
[Round "2"]
[White "MikaelyanArman"]
[Black "Rawnsdale"]
[Result "1-0"]
[WhiteElo "2846"]
[BlackElo "2550"]
[TimeControl "180+1"]
[EndTime "14:16:58 PST"]
[Termination "MikaelyanArman won by resignation"]

1. d4 d5 2. c4 e6 3. Nf3 Be7 4. g3 Nf6 5. Bg2 O-O 6. O-O dxc4 7. Qc2 Nbd7 8. Qxc4 c5 9. Rd1 Rb8 10. dxc5 Bxc5 11. Bf4 b5 12. Qc2 Rb6 13. b4 Bxb4 14.
Bc7 Qe7 15. Bxb6 Nxb6 16. Ne5 Bb7 17. Nc6 Bxc6 18. Qxc6 Ng4 19. Qe4 Bc5 20. Qxg4 Qf6 21. Nd2 Bxf2+ 22. Kh1 Bd4 23. Ne4 Qe5 24. Nf6+ Qxf6 25.
Qxd4 Qg5 26. Rac1 h5 27. Rc5 Qg6 28. Rxb5 Qc2 29. Qd2 Qg6 30. Rg5 Qh6 31. Rc5 Qg6 32. Rf1 f5 33. Qe3 h4 34. gxh4 Rf6 35. Rc7 f4 36. Rxf4 Qb1+ 37. Rc1 Qxa2 38. Rxf6 gxf6 39. Be4 f5 40. Qg5+ 1-0

[Event "Late-Titled-Tuesday-Blitz-January-23-2024"]
[Site "Chess.com"]
[Date "2024.01.23"]
[Round "2"]
[White "familijatop71"]
[Black "Defenstrator"]
[Result "0-1"]
[WhiteElo "2258"]
[BlackElo "2510"]
[TimeControl "180+1"]
[EndTime "14:16:58 PST"]
[Termination "Defenstrator won on time"]

1. e4 d6 2. d4 Nf6 3. Nc3 Nbd7 4. Nf3 g6 5. Be2 Bg7 6. O-O O-O 7. h3 e5 8. Re1 exd4 9. Nxd4 Nc5 10. Bf3 Ne6 11. Nxe6 fxe6 12. Qe2 Nd7 13. g3 Bd4 14. Be3 Ne5 15.
Bg2 c5 16. f4 Nc6 17. Nb5 Bxb2 18. Rab1 Bd4 19. Nxd4 cxd4 20. Bd2 e5 21. Rf1 Qe7 22. g4 Be6 23. f5 Bxa2 24. Rb2 Bf7 25. Bh6 Rfc8 26.
fxg6 Bxg6 27. Qd2 Nd8 28. Bg5 Qc7 29. Bf6 Ne6 30. Qh6 Nf4 31. Rxf4 exf4 32. e5 Kf7 33. Bd5+ Ke8 34. Qg5 d3 35. Rxb7 d2 36. Rxc7 d1=Q+ 37. Kg2 Rxc7 0-1

[Event "Late-Titled-Tuesday-Blitz-January-23-2024"]
[Site "Chess.com"]
[Date "2024.01.23"]
[Round "2"]
[White "jerry_77"]
[Black "tptagain"]
[Result "0-1"]
[WhiteElo "2582"]
[BlackElo "2922"]
[TimeControl "180+1"]
[EndTime "14:16:59 PST"]
[Termination "tptagain won by resignation"]

1. e4 c5 2. Nf3 Nc6 3. d4 cxd4 4. Nxd4 e5 5. Nb3 Nf6 6. Nc3 Bb4 7. Bd3 Bxc3+ 8.
bxc3 d6 9. O-O O-O 10. h3 b6 11. Bg5 h6 12. Bh4 g5 13. Bg3 Ne7 14. a4 Be6 15. a5 Qc7 16. Qd2 Ng6 17. Ra3 Rac8 18. Nc1 Qc6 19.
Qe3 Nf4 20. Ne2 Qc5 21. Rfa1 Qxe3 22. fxe3 Nxe2+ 23. Bxe2 Nxe4 24. Be1 Rc7 25. Bd3 Nf6 26. e4 b5 27. a6 Bc4 28. Bf2 Rfc8 29. Be3 Kg7 30.
Kf2 Rd7 31. Kf3 Rc6 32. Rb1 d5 33. exd5 Nxd5 34. Bf2 Nxc3 35. Rxc3 Bd5+ 36. Ke2 Rxc3 37. Rxb5 Bc4 38. Rb7 Rxc2+ 39. Ke1 Rxd3 40. Bxa7 Ra3 0-1